 Dungeon Crawl Stone Soup version 0.28-a0-1117-g0bdd5ba030 (webtiles) character file.

Game seed: 12157357364632974083

44 flotson the Sneak (level 3, -6/29 HPs)
             Began as a Demonspawn Delver on Dec 11, 2021.
             Mangled by Terence (8 damage)
             ... on level 2 of the Dungeon.
             The game lasted 00:02:46 (1658 turns).

flotson the Sneak (Demonspawn Delver)               Turns: 1658, Time: 00:02:47

Health: -6/29      AC:  7    Str: 14    XL:     3   Next: 41%
Magic:  3/3        EV: 10    Int: 11    God:
Gold:   111        SH:  0    Dex: 18    Spells: 2/2 levels left

rFire   . . .      SeeInvis .   a - +0 hand axe
rCold   . . .      Faith    .   (no shield)
rNeg    . . .      Spirit   .   n - +0 scale mail
rPois   .          Reflect  .   (no helmet)
rElec   .          Harm     .   (no cloak)
rCorr   .          Rampage  .   (no gloves)
Will    .....                   i - +0 pair of boots
Stlth   ++++......              (no amulet)
HPRegen 0.09/turn               (no ring)
MPRegen 0.08/turn               (no ring)

@: no status effects
A: thin skeletal structure 2
a: no special abilities


You were on level 2 of the Dungeon.
You visited 1 branch of the dungeon, and saw 5 of its levels.

You collected 111 gold pieces.

Inventory:

Hand Weapons
 a - a +0 hand axe (weapon)
 b - a +0 hunting sling
Missiles
 p - 6 stones (quivered)
Armour
 i - a +0 pair of boots (worn)
 n - a +0 scale mail (worn)
Wands
 g - a wand of digging (3)
Scrolls
 c - a scroll of fog
 d - 2 scrolls of magic mapping
 e - a scroll of fear
 h - 4 scrolls of identify {unknown}
 j - a scroll of immolation {unknown}
Potions
 f - a potion of haste
 k - a potion of attraction {unknown}
 l - a potion of lignification {unknown}
 m - a potion of curing {unknown}
 o - a potion of brilliance {unknown}


   Skills:
 + Level 3.5 Fighting
 - Level 1.7 Axes
 + Level 1.4 Armour
 + Level 2.4 Dodging
 - Level 4.5 Stealth


You had 2 spell levels left.
You didn't know any spells.
Your spell library contained the following spells:

 Spells                   Type           Power      Damage    Failure   Level
 Dispersal                Tloc           0%         N/A       100%        6
 Disjunction              Tloc           0%         N/A       100%        8


Dungeon Overview and Level Annotations

Branches:
Dungeon (5/15)
 Temple: D:4-7

Altars:

Annotations:
D:2 Sigmund, Terence


Innate Abilities, Weirdness & Mutations

You have a moderately thin skeletal structure. (Dex +4, Stealth++)


Message History

a - a +0 hand axe (weapon)
Terence closely misses you.
You hit Terence.
Terence is lightly wounded.
Terence closely misses you.
You closely miss Terence.
Terence is lightly wounded.
Terence hits you with a +0 morningstar!
You hit Terence but do no damage.
Terence is lightly wounded.
Terence misses you.
You hit Terence.
Terence is heavily wounded.
Terence barely misses you.
You closely miss Terence.
Terence is heavily wounded.
Terence barely misses you. Terence closely misses you.
You hit Terence but do no damage.
Terence is heavily wounded.
Terence closely misses you.
You hit Terence but do no damage.
Terence is heavily wounded.
Terence hits you but does no damage.
You hit Terence but do no damage.
Terence is heavily wounded.
Terence hits you but does no damage.
You hit Terence.
Terence is heavily wounded.
Terence hits you with a +0 morningstar.
You hit Terence but do no damage.
Terence is heavily wounded.
Terence hits you with a +0 morningstar. Terence hits you with a +0 morningstar!
* * * LOW HITPOINT WARNING * * *
You closely miss Terence.
Terence is heavily wounded.
Terence barely misses you.
You closely miss Terence.
Terence is heavily wounded.
Terence hits you with a +0 morningstar!
You die...

..##.## # ### #.#
#.####### ##.##
#.......#### #...#
#####.......# #...# #
#........##.# #....
.....###.#..##.#####...#
.....###....##.#<.......
((.((.@@................
.....##........#........
... ...........###.#...#
# $..........# #.#....
#$##..#...## #.#...# #.
#>##.### #.#...#
#.##.##.# #.##.##
#.....>.######......
####.####...####....


You could see Terence.

Vanquished Creatures
  3 orcs (D:3)
  4 endoplasms
  6 giant cockroaches
  A goblin (D:3)
  7 hobgoblins
  5 ball pythons
  2 bats (D:1)
  3 frilled lizards
  A kobold (D:2)
  6 rats (D:1)
38 creatures vanquished.

Notes
Turn   | Place    | Note
-------+----------+-------------------------------------------
     0 | D:5      | flotson the Demonspawn Delver began the quest for the Orb.
     0 | D:5      | Reached XP level 1. HP: 18/18 MP: 1/1
    52 | D:5      | Noticed a necrophage
    82 | D:4      | Noticed a hound
   303 | D:3      | Gained mutation: You have a somewhat thin skeletal
                  | structure. (Dex +2, Stealth+) [demonic ancestry]
   303 | D:3      | Reached XP level 2. HP: 17/24 MP: 2/2
   592 | D:1      | Reached skill level 1 in Armour
   875 | D:1      | Gained mutation: You have a moderately thin skeletal
                  | structure. (Dex +4, Stealth++) [demonic ancestry]
   875 | D:1      | Reached XP level 3. HP: 27/29 MP: 3/3
  1504 | D:2      | Noticed Sigmund
  1640 | D:2      | Noticed Terence
  1658 | D:2      | Mangled by Terence

Illustrated notes

Levels and vault maps discovered:
D:1:      dpeg_arrival_ratfight, layout_basic
D:2:      layout_loops_cross, nicolae_ecumenical_snake_handling, minmay_between,
          uniq_sigmund, uniq_terence
D:3:      layout_basic, hangedman_decor_growths, uniq_natasha
D:4:      layout_basic, minmay_temple_entry_trees, nicolae_shop_clearance
D:5:      layout_basic, minmay_misc_feat_doors, amcnicky_mini_corridor_feature,
          glass_columns_a, nrook_campfire

Skill      XL: |  1  2 |
---------------+-------+-----
Dodging        | 2 |  2.4
Armour         | 1 |  1.4
Fighting       | |  3.5
Axes           | |  1.7
Stealth        | |  4.5

Action                   || total
-------------------------++-------
Melee: Hand axe          ||   128
 Fire: Hunting sling     ||     4
 Stab: Sleeping          ||    13
Armor: Leather armour    ||    14
       Ring mail         ||    23
       Scale mail        ||     4
Dodge: Dodged            ||    82

Table legend: (Time is in decaauts)
 A = Elapsed time spent in this place.
 B = Non-inter-level travel time spent in this place.
 C = Inter-level travel time spent in this place.
 D = Time resting spent in this place.
 E = Time spent auto-exploring this place.
 F = Levels seen in this place.
 G = Mean time per level.
                   A        B        C        D        E       F      G
               +--------+--------+--------+--------+--------+-----+--------+
         Total |   1684 |   1652 |     32 |      0 |   1219 |   5 |  336.8 |
       Dungeon |   1684 |   1652 |     32 |      0 |   1219 |   5 |  336.8 |
               +--------+--------+--------+--------+--------+-----+--------+

Top non-repeatable levels by time:
     D:1: 830 daAuts
     D:2: 543 daAuts
     D:3: 185 daAuts
     D:4: 62 daAuts
     D:5: 62 daAuts
